 Dungeon Crawl Stone Soup version 0.19-a0-386-gde47aeb (webtiles) character file.

1463 HenryFlower the Reanimator (level 8, -1/62 HPs)
             Began as a Deep Dwarf Necromancer on May 30, 2016.
             Was a Follower of Okawaru.
             Killed from afar by Moby's ghost (28 damage)
             ... with an orb of energy
             ... on level 7 of the Dungeon.
             The game lasted 00:30:55 (7665 turns).

HenryFlower the Reanimator (Deep Dwarf Necromancer) Turns: 7665, Time: 00:30:55

Health: -1/62      AC:  3    Str: 11    XL:     8   Next: 48%
Magic:  17/19      EV: 14    Int: 19    God:    Okawaru [*.....]
Gold:   217        SH:  0    Dex: 13    Spells: 4 memorised, 1 level left

rFire  . . .     SeeInvis .     I - +0 hand axe
rCold  . . .     Gourm    .     a - +0 robe
rNeg   . . .     Faith    .     (no shield)
rPois  .         Spirit   .     (no helmet)
rElec  .         Dismiss  .     r - +0 cloak
rCorr  .         Reflect  .     (no gloves)
SustAt .         Harm     .     (no boots)
MR     +....                    (no amulet)
Stlth  ++........               B - ring of magical power
                                y - +2 ring of evasion

@: non-regenerating, somewhat resistant to hostile enchantments, unstealthy
A: damage resistance, recharge devices, sense surroundings 1, slow regeneration
3
a: Device Recharging, Heroism, Renounce Religion


You were on level 7 of the Dungeon.
You worshipped Okawaru.
Okawaru was aware of your devotion.
You were not hungry.

You visited 1 branch of the dungeon, and saw 7 of its levels.

You collected 217 gold pieces.

Inventory:

Hand Weapons
 w - a cursed -3 dagger
 I - a +0 hand axe (weapon)
Missiles
 n - 7 javelins (quivered)
 o - a throwing net
Armour
 a - a +0 robe (worn)
 i - a +4 plate armour
 r - a +0 cloak (worn)
 s - a +0 buckler
 J - a +0 pair of boots
Magical Staves
 K - an uncursed staff of poison {unknown}
Jewellery
 y - a +2 ring of evasion (left hand)
 B - a ring of magical power (right hand)
Wands
 c - a wand of heal wounds (3/9)
 x - a wand of confusion (20/48)
 E - a wand of confusion (10/48)
 F - a wand of enslavement (16/24)
Scrolls
 f - 2 scrolls of fog
 k - 6 scrolls of remove curse
 l - a scroll of enchant weapon {unknown}
 m - 2 scrolls of amnesia
 q - 2 scrolls of blinking {unknown}
 t - a scroll of enchant armour {unknown}
 D - 6 scrolls of fear {unknown}
Potions
 e - a potion of resistance
 g - a potion of might {unknown}
 j - a potion of brilliance
 p - 2 potions of berserk rage {unknown}
 v - 4 potions of lignification
 z - 2 potions of heal wounds {unknown}
 A - 2 potions of haste {unknown}
 C - a potion of curing
 G - a potion of agility {unknown}
 H - a potion of cure mutation
Books
 b - a book of Necromancy

   Spells                             Type                      Level
   a - Pain                           Necromancy                   1
   b - Animate Skeleton               Necromancy                   1
   c - Vampiric Draining              Necromancy                   3
   d - Regeneration                   Charms/Necromancy            3
   e - Animate Dead                   Necromancy                   4
   f - Control Undead                 Necromancy                   4
Comestibles
 d - 4 bread rations
 h - a beef jerky
 u - 9 chunks of flesh


   Skills:
 + Level 4.7 Axes
 + Level 6.1 Armour
 - Level 2.1 Dodging
 - Level 2.4 Stealth
 - Level 1.7 Spellcasting
 + Level 9.4 Necromancy


You had one spell level left.
You knew the following spells:

 Your Spells              Type           Power        Failure   Level  Hunger
a - Pain                  Necr           ####         1%          1    #......
b - Animate Skeleton      Necr           N/A          1%          1    #......
c - Vampiric Draining     Necr           #####.....   1%          3    ###....
d - Control Undead        Necr           #####.....   4%          4    #####..


Dungeon Overview and Level Annotations

Branches:
Dungeon (7/15)             Temple (0/1) D:5

Altars:
Ashenzari
Dithmenos
Elyvilon
Makhleb
Okawaru
Pakellas
Uskayaw

Shops:
D:5 *

Annotations:
D:6 Grinder; tedric's ghost, novice FoAK
D:7 Moby's ghost, novice DrCj


Innate Abilities, Weirdness & Mutations

You are resistant to damage.
You can recharge devices by infusing magical energy.
You passively map a small area around you.
You do not regenerate naturally.


Message History

Casting: Vampiric Draining
Confirm with . or Enter, or press ? or * to list all spells.
You attempt to give life to the dead...
Before your eyes, flesh is ripped from the corpse!
The dead are walking!
u - 9 chunks of flesh (gained 3)
You start resting.
Moby's ghost (novice Red Draconian Conjurer) comes into view.
Unknown command.
The hippogriff screeches!
A jackal comes into view.
Moby's ghost casts a spell at you. The magic dart hits you!
* * * LOW HITPOINT WARNING * * *
You swap places.
Moby's ghost points at you and mumbles some strange words.
The orb of energy hits your jackal skeleton.
Your jackal skeleton is destroyed!
The orb of energy explodes!
The mystic blast hits you!
You die...

* #.#.#..#.## .#.... #
* #(#.#..#... #.#.... *
#.###.#.###.......[....
#.....#...+..........
#.......# #......... *
#.......# ######.H# * ,
#.......########..# *
#........)...#....# , ,
#######.....@#Z..## ,
#........#⌠.# *,
#........#.....
#....(###.......
#....... .#W.....
#.........+..._.. ,
#.....#...#.W....,*
#.....##### .. #......
,, , . ,


You could see Moby's ghost.

Vanquished Creatures
  Eustachio (D:4)
  2 sky beasts (D:6)
  2 ogres
  A centaur (D:3)
  2 giant frogs (D:6)
  2 scorpions
  A jelly (D:5)
  A howler monkey (D:5)
  A giant frog zombie (D:5)
  2 orc priests
  A centaur skeleton (D:4)
  Crazy Yiuf (D:6)
  Terence (D:3)
  3 iguanas
  2 orc wizards
  A worker ant (D:5)
  6 adders
  A howler monkey skeleton (D:5)
  An ooze (D:2)
  2 worms (D:3)
  A dart slug (D:1)
  3 giant geckos
  20 orcs
  4 giant cockroaches
  12 goblins
  8 hobgoblins
  11 jackals
  3 quokkas
  A ball python (D:3)
  8 bats
  3 giant newts
  4 kobolds
  2 quokka skeletons
  28 rats
142 creatures vanquished.

Vanquished Creatures (collateral kills)
  An ice beast (D:6)
  An orc wizard (D:4)
  A centaur skeleton (D:4)
  A hobgoblin (D:3)
  9 rats
13 creatures vanquished.

Vanquished Creatures (others)
  A hobgoblin (D:2)
1 creature vanquished.

Grand Total: 156 creatures vanquished

Notes
Turn   | Place    | Note
--------------------------------------------------------------
     0 | D:1      | HenryFlower the Deep Dwarf Necromancer began the quest for the Orb.
     0 | D:1      | Reached XP level 1. HP: 15/15 MP: 3/3
   416 | D:1      | Reached XP level 2. HP: 20/22 MP: 2/4
   501 | D:1      | Reached skill level 5 in Necromancy
  1172 | D:2      | Reached XP level 3. HP: 7/28 MP: 1/5
  1332 | D:2      | Found a white marble altar of Elyvilon.
  1562 | D:1      | Reached skill level 6 in Necromancy
  1605 | D:1      | Learned a level 1 spell: Animate Skeleton
  1609 | D:1      | Learned a level 3 spell: Vampiric Draining
  1835 | D:2      | Reached XP level 4. HP: 14/36 MP: 1/6
  2150 | D:2      | Found a faded altar of an unknown god.
  2917 | D:3      | Noticed Terence
  2926 | D:3      | Killed Terence
  3217 | D:3      | Noticed a centaur
  3396 | D:3      | Reached skill level 7 in Necromancy
  3396 | D:3      | Reached XP level 5. HP: 27/42 MP: 0/7
  3546 | D:3      | Reached skill level 1 in Armour
  3850 | D:3      | Killed a centaur
  3850 | D:3      | Reached XP level 6. HP: 40/49 MP: 0/8
  4620 | D:4      | Found an oddly glowing altar of Pakellas.
  4650 | D:4      | Reached skill level 8 in Necromancy
  4718 | D:5      | Entered Level 5 of the Dungeon
  4860 | D:5      | Found an iron altar of Okawaru.
  4869 | D:5      | Became a worshipper of Warmaster Okawaru
  4974 | D:4      | Found a hide-covered altar of Uskayaw.
  5001 | D:4      | Found a shadowy altar of Dithmenos.
  5149 | D:5      | Found a staircase to the Ecumenical Temple.
  5301 | D:5      | Reached XP level 7. HP: 13/55 MP: 8/9
  5408 | D:5      | Found Efraseil's General Store.
  5525 | D:6      | Learned a level 4 spell: Control Undead
  5599 | D:6      | Reached skill level 1 in Axes
  5672 | D:6      | Noticed tedric's ghost (novice FoAK)
  6060 | D:4      | Noticed Eustachio
  6245 | D:4      | Killed Eustachio
  6502 | D:5      | Reached skill level 5 in Armour
  6694 | D:5      | Found a burning altar of Makhleb.
  6729 | D:6      | Reached XP level 8. HP: 36/62 MP: 10/10
  6734 | D:6      | Reached skill level 9 in Necromancy
  6818 | D:6      | Reached * piety under Okawaru
  6980 | D:6      | Noticed Crazy Yiuf
  6992 | D:6      | Killed Crazy Yiuf
  7100 | D:6      | Noticed Grinder
  7104 | D:6      | Paralysed by Grinder for 6 turns
  7649 | D:7      | Found a shattered altar of Ashenzari.
  7660 | D:7      | Noticed Moby's ghost (novice DrCj)
  7665 | D:7      | Killed from afar by Moby's ghost

Vault maps used:
D:1:      roderic_dead_forest, minmay_misc_feat_tower
D:2:      elyvilon_altar_4, ecumenical_altar_1, minmay_rats_cheesy_pizza
D:3:      uniq_terence
D:4:      grunt_pakellas_basics, lemuel_round_altar, kennysheep_little_box,
          first_bread, uniq_eustachio
D:5:      lightli_temple_of_fire, okawaru_gym_becter,
          nicolae_gozag_cash_rules_everything_around_me,
          lemuel_temple_firewalk_marked, serial_shops, shop
D:6:      uniq_grinder, uniq_crazy_yiuf_cottage
D:7:      kennysheep_slugbush, evilmike_ruin_ashenzari

Skill      XL: |  1  2  3  4  5  6  7  8 |
---------------+-------------------------+-----
Necromancy     | 5 6 7 8 9 |  9.4
Armour         | 2 4 5 6 |  6.1
Axes           | 3 4 |  4.7
Dodging        | |  2.1
Stealth        | |  2.4
Spellcasting   | |  1.7

Action                   |  1- 3 |  4- 6 |  7- 9 || total
-------------------------+-------+-------+-------++-------
Melee: Unarmed           |    51 |    70 |       ||   121
       Hand axe          |       |    30 |    56 ||    86
Throw: Javelin           |     2 |     4 |       ||     6
 Cast: Pain              |    57 |   129 |    27 ||   213
       Animate Skeleton  |     2 |    34 |    13 ||    49
       Vampiric Draining |     2 |    22 |    39 ||    63
       Control Undead    |       |       |    14 ||    14
Evoke: Wand              |       |     4 |       ||     4
  Use: Scroll            |     4 |     4 |     1 ||     9
       Potion            |       |     4 |       ||     4
  Eat: Chunk             |     4 |    16 |     5 ||    25
       Beef jerky        |       |     1 |       ||     1
       Meat ration       |       |       |     2 ||     2
       Pizza             |       |       |     1 ||     1
Armor: Plate armour      |    11 |       |       ||    11
       Robe              |    16 |    14 |    11 ||    41
Dodge: Dodged            |    47 |    91 |    77 ||   215
